 Dungeon Crawl Stone Soup version 0.23-a0-565-g3e74e4c (webtiles) character file.

90774 galech the Severer (level 15, -12/123 HPs)
             Began as a Demonspawn Fighter on Dec 13, 2018.
             Was the Champion of Okawaru.
             Killed from afar by a balrug (36 damage)
             ... with a bolt of fire
             ... summoned by a deep elf demonologist
             ... on level 1 of the Elven Halls.
             The game lasted 00:43:24 (26985 turns).

galech the Severer (Demonspawn Fighter)            Turns: 26985, Time: 00:43:25

Health: -12/123    AC: 27    Str: 21    XL:     15   Next: 53%
Magic:  0/17       EV: 21    Int: 10    God:    Okawaru [******]
Gold:   2189       SH: 16    Dex: 22    Spells: 14/14 levels left

rFire    . . .     SeeInvis +   g - +10 war axe of Termination {venom, Str+4}
rCold    + + .     Gourm    .   c - +0 shield
rNeg     + . .     Faith    .   Q - +6 scale mail of New Discoveries {rC+ Dex+4}
rPois    .         Spirit   +   W - +0 helmet {SInv}
rElec    .         Reflect  .   S - +1 cloak {MR+}
rCorr    .         Harm     .   (gloves unavailable)
MR       ++++.                  o - +0 pair of boots {Stlth+}
Stlth    ++++......             (no amulet)
HPRegen  0.30/turn              L - ring "Jolepit" {*Slow rN+ MR++}
MPRegen  0.30/turn              m - +3 ring of protection

@: about to teleport, heroism, studying Shields
A: claws 3, molten scales 1, cold resistance 1, magic shield, magic
regeneration, freezing cloud immunity
a: Heroism, Finesse, Renounce Religion


You were on level 1 of the Elven Halls.
You worshipped Okawaru.
Okawaru was exalted by your worship.
You were hungry.

You visited 5 branches of the dungeon, and saw 23 of its levels.
You also visited: Ossuary, Gauntlet and Volcano.

You collected 2603 gold pieces.
You spent 414 gold pieces at shops.

Inventory:

Hand Weapons
 b - the +3 hand axe of Mostily {flame, rElec rF- Int+5}
   (Okawaru gifted it to you in a volcano)

   It has been specially enchanted to burn those struck by it, causing extra
   injury to most foes and up to half again as much damage against particularly
   susceptible opponents.
   Big, fiery blades are also staple armaments of hydra-hunters.
   It affects your intelligence (+5).
   It makes you vulnerable to fire.
   It insulates you from electricity.
 g - the +10 war axe of Termination (weapon) {venom, Str+4}
   (Okawaru gifted it to you on level 1 of the Elven Halls)

   It poisons the flesh of those it strikes.
   It affects your strength (+4).
 X - a +8 broad axe of electrocution
Armour
 c - a +0 shield (worn)
 o - a +0 pair of boots of stealth (worn)
 G - a +2 plate armour of fire resistance
 Q - the +6 scale mail of New Discoveries (worn) {rC+ Dex+4}
   (You took it off a minotaur in a Gauntlet)

   It affects your dexterity (+4).
   It protects you from cold.
 S - a +1 cloak of magic resistance (worn)
 W - a +0 helmet of see invisible (worn)
Jewellery
 m - a +3 ring of protection (right claw)
 D - an uncursed ring of protection from cold
 H - an uncursed ring of protection from cold
 L - the ring "Jolepit" (left claw) {*Slow rN+ MR++}
   (You took it off a minotaur in a Gauntlet)

   [ring of positive energy]

   It protects you from negative energy.
   It affects your resistance to hostile enchantments.
   It may slow you when you take damage.
 U - an uncursed ring of positive energy
Wands
 u - a wand of flame (26)
 I - a wand of polymorph (9)
 J - a wand of paralysis (7)
Scrolls
 d - 4 scrolls of fear
 e - 8 scrolls of remove curse
 h - 11 scrolls of teleportation
 j - 4 scrolls of random uselessness
 k - 3 scrolls of blinking
 l - a scroll of summoning
 n - 8 scrolls of amnesia
 p - 4 scrolls of identify
 q - 6 scrolls of immolation
 x - 4 scrolls of fog
 y - 2 scrolls of noise
 C - 3 scrolls of enchant armour
 M - 3 scrolls of vulnerability
 Y - 2 scrolls of holy word
 Z - a scroll of acquirement
Potions
 a - 4 potions of curing
 i - 2 potions of mutation
 r - a potion of agility
 s - 7 potions of flight
 v - 2 potions of resistance
 w - 5 potions of haste
 z - 4 potions of degeneration
 A - 2 potions of magic
 B - a potion of heal wounds
 E - 3 potions of lignification
 K - 5 potions of berserk rage
 N - a potion of cancellation
 V - a potion of ambrosia
Books
 O - a manual of Shields
Comestibles
 f - 27 rations


   Skills:
 + Level 13.1(18.1) Fighting
 + Level 15.7(20.7) Axes
 + Level 10.3(15.3) Armour
 + Level 7.5(12.5) Dodging
 + Level 2.3(7.3) Stealth
 + Level 13.1(18.1) Shields
 + Level 3.9 Invocations


You had 14 spell levels left.
You didn't know any spells.
Your spell library contained the following spells:

 Spells                   Type           Power        Failure   Level  Hunger
 Ice Form                 Ice/Tmut       #.......     100%        4    #####..
 Leda's Liquefaction      Hex/Erth       #.........   100%        4    #####..
 Summon Lightning Spire   Summ/Air       #.......     100%        4    #####..
 Bolt of Magma            Conj/Fire/Erth #.........   100%        5    ######.
 Iskenderun's Battlesphe  Conj/Chrm      #.......     100%        5    ######.
 Metabolic Englaciation   Hex/Ice        #.........   100%        5    ######.
 Silence                  Hex/Air        #.........   100%        5    ######.
 Venom Bolt               Conj/Pois      #.........   100%        5    ######.
 Bolt of Cold             Conj/Ice       #.........   100%        6    #######
 Conjure Ball Lightning   Conj/Air       #.........   100%        6    #######
 Deflect Missiles         Chrm/Air       #.........   100%        6    #######
 Freezing Cloud           Conj/Ice/Air   #.........   100%        6    #######
 Iron Shot                Conj/Erth      #.........   100%        6    #######
 Ozocubu's Refrigeration  Ice            #.........   100%        6    #######
 Simulacrum               Ice/Necr       #.........   100%        6    #######
 Statue Form              Tmut/Erth      #........    100%        6    #######
 Orb of Destruction       Conj           #.........   100%        7    #######
 Spellforged Servitor     Conj/Summ      #.........   100%        7    #######
 Shatter                  Erth           #.........   100%        9    #######
 Tornado                  Air            #.........   100%        9    #######


Dungeon Overview and Level Annotations

Branches:
Dungeon (13/15)            Temple (1/1) D:6            Lair (6/6) D:11
  Swamp (0/4) Lair:3        Snake (0/4) Lair:3        Slime (0/5) Lair:5
    Orc (2/2) D:9             Elf (1/3) Orc:2
 Vaults: D:13-14

Altars:
Ashenzari
Cheibriados
Dithmenos
Elyvilon
Fedhas
Gozag
Hepliaklqana
Kikubaaqudgha
Makhleb
Nemelex Xobeh
Okawaru
Qazlal
Ru
Sif Muna
Trog
Uskayaw
Vehumet
Wu Jian
Xom
Yredelemnul
Zin
The Shining One

Shops:
D:10 ?   D:11 %   Orc:2 (%[*%   Elf:1 :

Annotations:
D:12 3 runed doors, Duffy's ghost, journeyman NaFi
Lair:1 exclusion: oklob plant


Innate Abilities, Weirdness & Mutations

You have claws for hands.
You are partially covered in molten scales. (AC +2)
Your flesh is cold resistant. (rC+)
When hurt, damage is shared between your health and your magic reserves.
You regenerate magic rapidly.
You are immune to freezing clouds.


Message History

Okawaru accepts your kill.
You feel a bit more experienced.
The deep elf demonologist mumbles some strange words.
You block the balrug's attack.
As you read the scroll of teleportation, it crumbles to dust.
You feel strangely unstable.
The sun demon disappears in a puff of smoke!
You block the balrug's attack. The earth elemental barely misses you.
The balrug gestures at you.
The fireball explodes!
The fireball engulfs you!
* * * LOW HITPOINT WARNING * * *
The deep elf mage gestures at you while chanting.
You block the stone arrow.
The deep elf mage mumbles some strange words.
The deep elf mage blinks!
The deep elf mage mumbles some strange words.
The deep elf mage blinks!
The balrug gestures at you. The bolt of fire hits you!
You die...

......###..###....#..#
##.....## ......##..###...#.)[#
##'...##
....).....##..#.....#####.##+##
...#########......#.#...'##
#'.# . #.1...#........## #'.#
..%#...#...........# ...#
...e.42e............#.# ...#
..34.e)(............#.# ...#
..(#ยง.E#.@..........#+# ...#
#.1...#.........##
...#########.e))..#......##
..........##..#.).......##
......##..###...#....'####.
.....####..###....#.#'## ....##
#..#####.......#+
#'#######'..## ####.....## #.#
#.......## #......#


You could see a Tzitzimitl, an Ice Fiend, a balrug, a deep elf demonologist, an
ice devil, a rust devil, 3 deep elf magi and a sixfirhy.

Vanquished Creatures
  Gastronok (Lair:2)
  A stone giant (Orc:2)
  A deep elf annihilator (Elf:1)
  A minotaur (Gauntlet)
  The ghost of Hanugaeb the Peltast, a journeyman MiWn of Gozag (Lair:5)
  A fire dragon (Lair:6)
  4 ogre magi (Orc:2)
  Fannar (Lair:2)
  Erolcha (D:11)
  A catoblepas (Lair:5)
  4 hydras
  Erica (Lair:2)
  A centaur warrior (D:12)
  A dancing weapon (Elf:1)
  11 two-headed ogres
  The ghost of Toodenam the Grappler, a novice DrTm of Ru (Orc:1)
  Sonja (D:13)
  A sun demon (Volcano)
  7 deep elf knights (Elf:1)
  3 skeletal warriors (D:12)
  2 unseen horrors (D:12)
  A hell knight (Volcano)
  A lindwurm (Lair:6)
  2 deep elf archers (Elf:1)
  A manticore (D:12)
  25 deep elf magi (Elf:1)
  2 ugly things
  An orc sorcerer (Orc:1)
  16 elephants
  6 black mambas
  3 cyclopes
  A rust devil (Gauntlet)
  Psyche (D:9)
  3 molten gargoyles (Lair:6)
  A gargoyle (D:13)
  10 spiny frogs
  A yaktaur (shapeshifter) (D:13)
  4 rime drakes
  A red devil (Volcano)
  10 komodo dragons
  2 trolls
  A polar bear (Lair:2)
  A hornet (shapeshifter) (Elf:1)
  8 blink frogs
  A slime creature (D:12)
  5 hippogriffs
  12 dream sheep (Lair:6)
  Sigmund (D:3)
  3 shadows (Gauntlet)
  A ynoxinul (Gauntlet)
  A water elemental (Elf:1)
  5 wyverns
  10 yaks
  3 fire elementals (Elf:1)
  Grum (Lair:1)
  A human (D:2)
  A hungry ghost (D:13)
  2 vampire mosquitoes (D:13)
  A steam dragon (Lair:6)
  5 basilisks
  A naga (Lair:3)
  A death yak simulacrum (Lair:5)
  2 wargs
  6 small abominations (Gauntlet)
  5 hell hounds
  4 hydra simulacra (Lair:5)
  8 water moccasins
  11 porcupines
  4 ice beasts
  16 orc warriors
  3 sky beasts
  A black mamba simulacrum (Lair:5)
  3 black bears
  5 phantoms
  29 ogres
  13 centaurs
  11 wolves
  11 crocodiles
  14 bullfrogs
  An earth elemental (Elf:1)
  3 big kobolds
  A gnoll sergeant (D:9)
  3 scorpions
  5 howler monkeys
  21 killer bees
  5 wights (D:7)
  A rime drake simulacrum (Lair:5)
  A torpor snail simulacrum (Lair:5)
  5 centaur zombies
  4 bullfrog zombies
  5 crimson imps
  11 hounds
  4 lava snakes (Lair:6)
  A quasit (D:6)
  2 bullfrog skeletons
  5 jellies
  A gnoll shaman (Orc:1)
  12 orc priests
  4 centaur skeletons
  20 orc wizards
  3 iron imps (Gauntlet)
  A human skeleton (D:2)
  Jessica (D:3)
  Ijyb (D:3)
  8 worker ants
  4 iguanas
  A killer bee zombie (Ossuary)
  2 hound zombies (Ossuary)
  15 mummies (Ossuary)
  A howler monkey zombie (D:4)
  2 worker ant zombies (Ossuary)
  12 gnolls
  13 adders
  3 shadow imps
  2 oozes
  3 adder zombies
  2 adder skeletons
  A worm (D:4)
  3 dart slugs (D:1)
  6 leopard geckos
  83 orcs
  5 giant cockroaches
  5 goblins
  7 hobgoblins
  3 jackals (D:8)
  5 quokkas
  A ball python (D:2)
  5 bats
  2 frilled lizards
  A giant cockroach zombie (Ossuary)
  A jackal zombie (D:2)
  25 kobolds
  A leopard gecko zombie (Ossuary)
  A quokka skeleton (D:9)
  4 quokka zombies
  10 rats
  4 fungi
  3 plants
714 creatures vanquished.

Vanquished Creatures (others)
  A bush (Lair:6)
  10 fungi
  31 plants
  2 withered plants (Ossuary)
44 creatures vanquished.

Grand Total: 758 creatures vanquished

Notes
Turn   | Place    | Note
-------+----------+-------------------------------------------
     0 | D:1      | galech the Demonspawn Fighter began the quest for the Orb.
     0 | D:1      | Reached XP level 1. HP: 18/18 MP: 1/1
   128 | D:1      | Gained mutation: You have sharp fingernails. [demonic
                  | ancestry]
   128 | D:1      | Reached XP level 2. HP: 19/24 MP: 2/2
   251 | D:1      | Reached skill level 2 in Axes
   339 | D:1      | Reached XP level 3. HP: 27/29 MP: 3/3
   915 | D:2      | Gained mutation: When hurt, damage is shared between your
                  | health and your magic reserves. [demonic ancestry]
   915 | D:2      | Reached XP level 4. HP: 17/35 MP: 4/4
  1085 | D:2      | Noticed a human
  1086 | D:2      | Found a runed door.
  1091 | D:2      | Found a basalt altar of Yredelemnul.
  1248 | D:2      | Killed a human
  1248 | D:2      | Reached skill level 3 in Axes
  1248 | D:2      | Gained mutation: You have very sharp fingernails. [demonic
                  | ancestry]
  1248 | D:2      | Reached XP level 5. HP: 15/41 MP: 3/5
  1471 | D:3      | Noticed Ijyb
  1503 | D:3      | Killed Ijyb
  1764 | D:3      | Noticed Sigmund
  1824 | D:3      | Gained mutation: You regenerate magic rapidly. [demonic
                  | ancestry]
  1824 | D:3      | Reached XP level 6. HP: 40/48 MP: 4/6
  1913 | D:3      | Killed Sigmund
  1913 | D:3      | Reached skill level 4 in Axes
  1913 | D:3      | Reached skill level 1 in Dodging
  2108 | D:3      | Noticed Jessica
  2114 | D:3      | Killed Jessica
  2360 | D:3      | Reached XP level 7. HP: 40/54 MP: 5/7
  2573 | D:2      | Found a shattered altar of Ashenzari.
  3634 | D:4      | Found a hide-covered altar of Uskayaw.
  3644 | D:4      | Reached skill level 5 in Axes
  4153 | D:4      | Found a deep blue altar of Sif Muna.
  4165 | D:4      | Found a burning altar of Makhleb.
  4168 | D:4      | Found a white marble altar of Elyvilon.
  4185 | D:4      | Found a hazy altar of Hepliaklqana.
  4198 | D:4      | Gained mutation: You have claws for hands. [demonic
                  | ancestry]
  4198 | D:4      | Reached XP level 8. HP: 58/61 MP: 8/8
  4257 | D:4      | Reached skill level 5 in Fighting
  4480 | D:4      | Found a burning altar of Makhleb.
  4520 | D:5      | Entered Level 5 of the Dungeon
  4586 | D:5      | Found a sand-covered staircase.
  4590 | Ossuary  | Entered an ossuary
  4604 | Ossuary  | Reached skill level 6 in Axes
  4612 | Ossuary  | Reached skill level 7 in Axes
  4612 | Ossuary  | Reached skill level 5 in Dodging
  4612 | Ossuary  | Gained mutation: Your flesh is cold resistant. (rC+)
                  | [demonic ancestry]
  4612 | Ossuary  | Reached XP level 9. HP: 46/72 MP: 7/9
  4814 | Ossuary  | Reached skill level 8 in Axes
  5786 | D:6      | Found a staircase to the Ecumenical Temple.
  5809 | D:6      | Found a shimmering altar of Xom.
  5820 | Temple   | Entered the Ecumenical Temple
  5827 | Temple   | Became a worshipper of Warmaster Okawaru
  5978 | D:6      | Found a sparkling altar of Nemelex Xobeh.
  6491 | D:7      | Reached * piety under Okawaru
  6952 | D:7      | Reached XP level 10. HP: 54/80 MP: 6/10
  7102 | D:8      | Reached skill level 9 in Axes
  7276 | D:8      | Found a radiant altar of Vehumet.
  7581 | D:8      | Found a shadowy altar of Dithmenos.
  8270 | D:8      | Reached ** piety under Okawaru
  8671 | D:9      | Noticed Psyche
  8679 | D:9      | Killed Psyche
  8815 | D:9      | Found a shattered altar of Ashenzari.
  9031 | D:9      | Found a glowing silver altar of Zin.
  9039 | D:9      | Reached *** piety under Okawaru
  9063 | D:9      | Reached skill level 10 in Axes
  9576 | D:9      | Found a staircase to the Orcish Mines.
  9727 | D:10     | Entered Level 10 of the Dungeon
  9753 | D:10     | Found Meon's Magic Scroll Emporium.
  9759 | D:10     | Bought a scroll of identify for 22 gold pieces
  9759 | D:10     | Bought a scroll of enchant weapon for 82 gold pieces
  9759 | D:10     | Bought a scroll of identify for 22 gold pieces
  9998 | D:10     | Reached XP level 11. HP: 76/86 MP: 8/11
 10584 | D:10     | Got a twisted hand axe
 10710 | Orc:1    | Entered Level 1 of the Orcish Mines
 11040 | Orc:1    | Noticed an orc sorcerer
 11047 | Orc:1    | Killed an orc sorcerer
 11047 | Orc:1    | Reached **** piety under Okawaru
 11607 | Orc:1    | Found a runed door.
 11607 | Orc:1    | Noticed Toodenam's ghost (novice DrTm)
 11737 | Orc:2    | Entered Level 2 of the Orcish Mines
 11737 | Orc:2    | Noticed a stone giant
 11904 | Orc:2    | Killed a stone giant
 11954 | Orc:2    | Reached ***** piety under Okawaru
 12097 | Orc:2    | Found a gate leading to a gauntlet.
 12106 | Gauntlet | Entered a Gauntlet
 12106 | Gauntlet | Found a transporter.
 12215 | Gauntlet | Found a transporter.
 12248 | Gauntlet | Found a transporter.
 12248 | Gauntlet | Found a transporter.
 12253 | Gauntlet | Found a transporter.
 12355 | Gauntlet | Found a transporter.
 12368 | Gauntlet | Found a transporter.
 12511 | Gauntlet | Found a transporter.
 12523 | Gauntlet | Found a transporter.
 12531 | Gauntlet | Found a transporter.
 12542 | Gauntlet | Reached skill level 11 in Axes
 12644 | Gauntlet | Found a transporter.
 12656 | Gauntlet | Found a transporter.
 12656 | Gauntlet | Noticed a blizzard demon
 12674 | Gauntlet | Identified the +6 scale mail of New Discoveries {rC+ Dex+4}
 12674 | Gauntlet | Identified the ring "Jolepit" {*Slow rN+ MR++}
 12674 | Gauntlet | Noticed a minotaur
 12699 | Gauntlet | Killed a minotaur
 12699 | Gauntlet | Reached skill level 1 in Invocations
 12715 | Gauntlet | Found a transporter.
 12720 | Gauntlet | Identified the amulet of Qas Zale {Gourm rC+}
 12843 | Gauntlet | Noticed a death yak
 12843 | Gauntlet | Noticed a death yak
 12843 | Gauntlet | Noticed a necromancer
 12844 | Gauntlet | Found a transporter.
 12844 | Gauntlet | Noticed a death yak
 12844 | Gauntlet | Noticed a death yak
 12844 | Gauntlet | Noticed a death yak
 12856 | Gauntlet | Found a transporter.
 13077 | Orc:2    | Noticed a two-headed ogre
 13077 | Orc:2    | Noticed an ogre mage
 13077 | Orc:2    | Noticed an ogre mage
 13079 | Orc:2    | Noticed a two-headed ogre
 13128 | Orc:1    | Killed a two-headed ogre
 13425 | Orc:1    | Killed a two-headed ogre
 13425 | Orc:1    | Received a gift from Okawaru
 13425 | Orc:1    | Gained mutation: You are immune to freezing clouds.
                  | [demonic ancestry]
 13425 | Orc:1    | Reached XP level 12. HP: 84/95 MP: 11/13
 13480 | Orc:2    | Killed an ogre mage
 13486 | Orc:2    | Killed an ogre mage
 13489 | Orc:2    | Found a staircase to the Elven Halls.
 13493 | Orc:2    | Noticed a two-headed ogre
 13708 | Orc:2    | Killed a two-headed ogre
 13832 | Orc:2    | Noticed an ogre mage
 13849 | Orc:2    | Killed an ogre mage
 13968 | Orc:2    | Noticed an ogre mage
 13976 | Orc:2    | Noticed a two-headed ogre
 13976 | Orc:2    | Noticed a two-headed ogre
 13985 | Orc:2    | Noticed a two-headed ogre
 14009 | Orc:1    | Killed a two-headed ogre
 14029 | Orc:1    | Killed a two-headed ogre
 14029 | Orc:1    | Reached skill level 12 in Axes
 14029 | Orc:1    | Reached skill level 1 in Stealth
 14143 | Orc:2    | Killed an ogre mage
 14388 | Orc:2    | Noticed a two-headed ogre
 14410 | Orc:2    | Noticed a two-headed ogre
 14411 | Orc:2    | Killed a two-headed ogre
 14660 | Orc:2    | Killed a two-headed ogre
 14760 | Orc:2    | Noticed a two-headed ogre
 14771 | Orc:2    | Killed a two-headed ogre
 15037 | Orc:2    | Found Uklilan's Food Shop.
 15037 | Orc:2    | Found Usotatec's Assorted Antiques.
 15037 | Orc:2    | Found Cerghuyp's Antique Weapon Emporium.
 15037 | Orc:2    | Found Ijuat's Antique Armour Shop.
 15044 | Orc:2    | Bought a dazzling broad axe for 288 gold pieces
 15048 | Orc:2    | Noticed a two-headed ogre
 15057 | Orc:2    | Killed a two-headed ogre
 15057 | Orc:2    | Reached skill level 10 in Fighting
 15073 | Orc:2    | Killed a two-headed ogre
 15323 | Orc:2    | Found Muche's Food Emporium.
 15885 | D:11     | Noticed a two-headed ogre
 15893 | D:11     | Killed a two-headed ogre
 15897 | D:11     | Found Buwkojedd's Food Shoppe.
 15938 | D:11     | Found a staircase to the Lair.
 15959 | D:11     | Received a gift from Okawaru
 16293 | D:11     | Noticed Erolcha
 16307 | D:11     | Killed Erolcha
 16307 | D:11     | Reached XP level 13. HP: 100/103 MP: 7/14
 16776 | D:12     | Found a snail-covered altar of Cheibriados.
 16808 | D:12     | Reached skill level 10 in Shields
 17096 | D:12     | Reached skill level 13 in Axes
 17437 | D:12     | Received a gift from Okawaru
 17526 | D:12     | Found a blossoming altar of Fedhas.
 17742 | D:12     | Found a runed gate.
 18108 | D:12     | Found a runed gate.
 18109 | D:12     | Found a runed gate.
 18110 | D:12     | Noticed Duffy's ghost (journeyman NaFi)
 18330 | Orc:1    | Killed Toodenam's ghost
 18565 | D:13     | Noticed Sonja
 18577 | D:13     | Killed Sonja
 18975 | Lair:1   | Entered Level 1 of the Lair of Beasts
 19112 | Lair:1   | Received a gift from Okawaru
 19359 | Lair:1   | Noticed Grum
 19371 | Lair:1   | Killed Grum
 19748 | Lair:2   | Noticed Erica
 19760 | Lair:2   | Killed Erica
 19983 | Lair:2   | Noticed Gastronok
 20001 | Lair:2   | Killed Gastronok
 20500 | Lair:2   | Noticed Fannar
 20513 | Lair:2   | Killed Fannar
 20660 | Lair:3   | Reached XP level 14. HP: 113/113 MP: 16/16
 20715 | Lair:3   | Found a dark tunnel.
 20722 | Volcano  | Entered a volcano
 20780 | Volcano  | Reached skill level 14 in Axes
 20848 | Volcano  | Received a gift from Okawaru
 20871 | Volcano  | Reached ****** piety under Okawaru
 20875 | Volcano  | Got a pitted hand axe {god gift}
 20876 | Volcano  | Identified the +3 hand axe of Mostily {flame, rElec rF-
                  | Int+5} (Okawaru gifted it to you in a volcano)
 21342 | Lair:3   | Found a staircase to the Snake Pit.
 21560 | Lair:3   | Found a staircase to the Swamp.
 21776 | Lair:4   | Reached skill level 10 in Armour
 22491 | Lair:5   | Found a runed gate.
 22492 | Lair:5   | Found a runed gate.
 22497 | Lair:5   | Found a runed gate.
 22512 | Lair:5   | Found a shadowy altar of Dithmenos.
 22802 | Lair:5   | Found a staircase to the Slime Pits.
 23170 | Lair:5   | Received a gift from Okawaru
 23357 | Lair:5   | Noticed Hanugaeb's ghost (journeyman MiWn)
 23554 | Lair:5   | Killed Hanugaeb's ghost
 23573 | Lair:5   | Got the ring of Niocyed {Fire}
 23585 | Lair:5   | Identified a scroll of acquirement
 23663 | Lair:6   | Entered Level 6 of the Lair of Beasts
 24102 | Lair:6   | Received a gift from Okawaru
 24395 | Lair:6   | Reached skill level 15 in Axes
 24745 | Lair:6   | Gained mutation: You are partially covered in molten
                  | scales. (AC +2) [demonic ancestry]
 24745 | Lair:6   | Reached XP level 15. HP: 20/122 MP: 2/17
 25096 | Lair:6   | Found a large runed door.
 25097 | Lair:6   | Found a large runed door.
 25707 | Elf:1    | Entered Level 1 of the Elven Halls
 25718 | Elf:1    | Received a gift from Okawaru
 25739 | Elf:1    | Got a slimy war axe {god gift}
 25740 | Elf:1    | Identified the +10 war axe of Termination {venom, Str+4}
                  | (Okawaru gifted it to you on level 1 of the Elven Halls)
 26587 | Elf:1    | Found Fiuforph's Book Shop.
 26599 | Elf:1    | Received a gift from Okawaru
 26640 | Elf:1    | Got a ripped robe {god gift}
 26651 | Elf:1    | Identified the +0 robe of Idealism {rElec rPois MP+9 Int-3}
                  | (Okawaru gifted it to you on level 1 of the Elven Halls)
 26970 | Elf:1    | Noticed an Ice Fiend
 26976 | Elf:1    | Noticed a Tzitzimitl
 26985 | Elf:1    | Killed from afar by a balrug

Vault maps used:
D:1:      dpeg_arrival_connections
D:2:      lemuel_upstairs_altar, dk_yredelemnul_ordeal
D:3:      uniq_jessica, uniq_sigmund, uniq_ijyb
D:4:      kennysheep_little_box, grunt_temple_overflow_cloverleaf,
          makhleb_blood_cavern_becter
D:5:      first_ration, lightli_ossuary_entry_decrepit_ruins
D:6:      overflow_temple_1_default, nemelex_xobeh_ov_fountains_minmay,
          minmay_temple_entry_slanted
D:8:      kennysheep_mini_moat, grunt_dithmenos_shadows, grunt_ogre_cave,
          minmay_misc_feat_rugged, minmay_misc_feat_chi, grunt_ministairs_1
D:9:      overflow_temple_1_default, orc_0_dummy, basic_altar, uniq_psyche
D:10:     serial_shops, nicolae_shop_stone, minmay_fountain_box
D:11:     due_lair_maze_entry_diamond, serial_shops, shop, uniq_erolcha
D:12:     kennysheep_room_grid, basic_altar, gammafunk_ghost_hydra_chop,
          cheibriados_altar_1
D:13:     david_vaults_2, uniq_sonja
Temple:   nicolae_temple_no_exploring_needed
Lair:1:   dpeg_oklob_gauntlet, uniq_grum
Lair:2:   lemuel_fruit_tree, grunt_megastairs_1, uniq_gastronok, uniq_fannar,
          uniq_erica
Lair:3:   swamp_mist, guppyfry_snake_entry_island,
          lightli_volcano_entry_magma_tube
Lair:4:   grunt_forest_small_clearings
Lair:5:   nicolae_slime_entry_slimehenge, gammafunk_ghost_icy, basic_altar,
          infiniplex_staircase_pool_2
Lair:6:   cheibrodos_lair_end_hotspot
Orc:1:    ebering_ghost_inner_flame, lemuel_statue_altar
Orc:2:    st_orc_ogre_mass, gauntlet_entry_generic, serial_shops, shop_fountains
Elf:1:    elf_arrival_002, serial_shops, shop, minmay_elf_sorcery,
          minmay_shop_mayhem
Ossuary:  ossuary_zaba_flooded
Volcano:  volcano_pools
Gauntlet: gammafunk_gauntlet_one_two_three

Skill      XL: |  1  2  3  4  5  6  7  8  9 10 11 12 13 14 15 |
---------------+----------------------------------------------+-----
Armour         | 3 4 6 7 9 10 | 10.3
Shields        | 3 4 6 7 8 9 11 12 13 | 13.1
Axes           | 2 3 4 5 7 8 10 11 12 13 15 | 15.7
Fighting       | 4 7 8 9 10 11 12 13 | 13.1
Dodging        | 1 5 6 7 |  7.5
Invocations    | 1 2 3 |  3.9
Stealth        | 1 2 |  2.3

Action                   |  1- 3 |  4- 6 |  7- 9 | 10-12 | 13-15 || total
-------------------------+-------+-------+-------+-------+-------++-------
Melee: War axe           |   115 |   149 |   475 |   930 |   535 ||  2204
       Broad axe         |       |       |       |       |   451 ||   451
       Hand axe          |       |       |       |       |    42 ||    42
Invok: Heroism           |       |       |       |    18 |    17 ||    35
       Finesse           |       |       |       |     2 |     3 ||     5
  Use: Potion            |       |     1 |     1 |       |     2 ||     4
       Scroll            |       |       |     7 |    18 |    20 ||    45
 Stab: Distracted        |       |       |     1 |       |       ||     1
  Eat: Chunk             |       |     5 |    12 |    24 |    25 ||    66
       Ration            |       |       |     1 |     2 |     3 ||     6
Armor: Scale mail        |    30 |       |       |    84 |   356 ||   470
       Chain mail        |    22 |    85 |   166 |       |       ||   273
       Plate armour      |       |       |    72 |   291 |    13 ||   376
Dodge: Dodged            |    23 |    31 |   107 |   275 |   360 ||   796
Block: Shield            |    69 |    54 |   203 |   486 |   595 ||  1407

Table legend:
 A = Non-vault XP
 B = Vault XP
 C = Vault XP percentage of total XP
 D = Non-vault monster count
 E = Vault monster count
 F = Vault count percentage of total count
                 A         B        C        D         E       F
            +---------+---------+-------+---------+---------+-------
      Total |   72906 |   55101 |  43.0 |     517 |     190 |  26.9
            +---------+---------+-------+---------+---------+-------
        D:1 |      50 |       0 |   0.0 |      23 |       0 |   0.0
        D:2 |      35 |     228 |  86.7 |      14 |       3 |  17.6
        D:3 |     148 |     315 |  68.0 |      33 |       3 |   8.3
        D:4 |     869 |      43 |   4.7 |      30 |       1 |   3.2
        D:5 |     190 |       0 |   0.0 |      11 |       0 |   0.0
        D:6 |     353 |       0 |   0.0 |      10 |       0 |   0.0
        D:7 |    1136 |       0 |   0.0 |      20 |       0 |   0.0
        D:8 |    1375 |     564 |  29.1 |      34 |       7 |  17.1
        D:9 |    2526 |     434 |  14.7 |      39 |       1 |   2.5
       D:10 |    1179 |       0 |   0.0 |      24 |       0 |   0.0
       D:11 |    2954 |    2039 |  40.8 |      32 |      11 |  25.6
       D:12 |    6069 |    4160 |  40.7 |      42 |      12 |  22.2
       D:13 |    1641 |     820 |  33.3 |      11 |       1 |   8.3
     Lair:1 |     476 |     419 |  46.8 |       2 |       3 |  60.0
     Lair:2 |    4640 |    4989 |  51.8 |      25 |       7 |  21.9
     Lair:3 |    9673 |     166 |   1.7 |      27 |       1 |   3.6
     Lair:4 |    2619 |       0 |   0.0 |      11 |       0 |   0.0
     Lair:5 |    3603 |    2975 |  45.2 |       8 |      15 |  65.2
     Lair:6 |   10503 |    8775 |  45.5 |      37 |      27 |  42.2
      Orc:1 |    2342 |    5111 |  68.6 |      26 |      11 |  29.7
      Orc:2 |    2804 |   10518 |  79.0 |      28 |      22 |  44.0
      Elf:1 |   17721 |    6853 |  27.9 |      30 |      12 |  28.6
    Ossuary |       0 |     702 | 100.0 |       0 |      33 | 100.0
    Volcano |       0 |    2576 | 100.0 |       0 |       5 | 100.0
   Gauntlet |       0 |    3414 | 100.0 |       0 |      15 | 100.0
            +---------+---------+-------+---------+---------+-------
